 Dungeon Crawl Stone Soup version 0.19-a0-1821-g42c593c (webtiles) character file.

28 poirepourri the Sneak (level 2, -3/13 HPs)
             Began as a Spriggan Enchanter on Oct 6, 2016.
             Killed from afar by Sigmund (6 damage)
             ... with a magic dart
             ... on level 2 of the Dungeon.
             The game lasted 00:02:03 (1484 turns).

poirepourri the Sneak (Spriggan Enchanter)          Turns: 1484, Time: 00:02:04

Health: -3/13      AC:  3    Str:  4    XL:     2   Next: 96%
Magic:  1/7        EV: 19    Int: 16    God:
Gold:   41         SH:  0    Dex: 16    Spells: 2 memorised, 4 levels left

rFire  . . .     SeeInvis +     a - +1 dagger
rCold  . . .     Gourm    .     b - +1 robe
rNeg   . . .     Faith    .     (shield restricted)
rPois  .         Spirit   .     (helmet restricted)
rElec  .         Dismiss  .     (no cloak)
rCorr  .         Reflect  .     (gloves unavailable)
MR     .....     Harm     .     (boots unavailable)
Stlth  +++.......               (no amulet)
                                (no ring)
                                (no ring)

@: very slightly contaminated, very quick
A: unfitting armour, see invisible, herbivore 3, speed 3, slow metabolism 2
a: no special abilities


You were on level 2 of the Dungeon.
You were not hungry.

You visited 1 branch of the dungeon, and saw 2 of its levels.

You collected 41 gold pieces.

Inventory:

Hand Weapons
 a - a +1 dagger (weapon)
Armour
 b - a +1 robe (worn)
Jewellery
 f - a cursed amulet of inaccuracy {unknown}
 h - an uncursed amulet of dismissal {unknown}
Books
 c - a book of Maledictions

   Spells                             Type                      Level
   a - Corona                         Hexes                        1
   b - Ensorcelled Hibernation        Hexes/Ice                    2
   c - Confuse                        Hexes                        3
   d - Tukima's Dance                 Hexes                        3
   e - Dazzling Spray                 Conjuration/Hexes            3
Comestibles
 d - a bread ration


   Skills:
 + Level 0.1 Fighting
 + Level 1.4 Short Blades
 + Level 3.5 Dodging
 + Level 4.7 Stealth
 + Level 3.1 Spellcasting
 + Level 4.1 Hexes


You had 4 spell levels left.
You knew the following spells:

 Your Spells              Type           Power        Failure   Level  Hunger
a - Corona                Hex            ###....      4%          1    #......
b - Ensorcelled Hibernat  Hex/Ice        #.....       14%         2    ##.....


Dungeon Overview and Level Annotations

Branches:
Dungeon (2/15)

Altars:
Makhleb
Okawaru
Uskayaw
Xom
Zin

Annotations:
D:2 Sigmund


Innate Abilities, Weirdness & Mutations

You are very small and have problems with some larger weapons.
You are too small for most types of armour.
You have supernaturally acute eyesight. (SInv)
You are a herbivore.
You cover ground extremely quickly.
You need consume almost no food.


Message History

The stone closely misses you. Sigmund misses you.
Casting: Ensorcelled Hibernation
Confirm with . or Enter, or press ? or * to list all spells.
You don't have enough magic to cast that spell.
Unknown command.
As you read the scroll labeled DOIMAF KAIM, it crumbles to dust.
The dust glows mottled gridelin!
It was a scroll of random uselessness.
The frilled lizard misses you. Sigmund casts a spell at you.
You resist with some effort.
It was a potion of heal wounds.
You feel much better. The frilled lizard barely misses you.
The kobold hits you but does no damage. Sigmund misses you.
Sigmund gestures at you while chanting. The magic dart hits you!
Ouch! That really hurt!
* * * LOW HITPOINT WARNING * * *
Sigmund points at you and mumbles some strange words.
The magic dart hits you!
You die...

.#####.##...###....♣....###
..............###..†..###
.....###.......##...##
#........####.#.## #
#.......K## #...#
#..##.....@..l# #.###
#........(...# #.#
###..........# #.#
.......(..>@# #.#
..##.#....###.###.# #..
........##...#.# ##
..?......####.#.#
##........# #...#
#......... #####


You could see Sigmund, a kobold and a frilled lizard.

Vanquished Creatures
  2 leopard geckos
  2 bats
  A giant cockroach (D:1)
  5 goblins (D:1)
  7 jackals (D:1)
  A kobold (D:1)
  4 rats
22 creatures vanquished.

Notes
Turn   | Place    | Note
-------+----------+-------------------------------------------
     0 | D:1      | poirepourri the Spriggan Enchanter began the quest for the Orb.
     0 | D:1      | Reached XP level 1. HP: 9/9 MP: 5/5
   399 | D:1      | Found a shimmering altar of Xom.
   401 | D:1      | Found a glowing silver altar of Zin.
   401 | D:1      | Found a hazy altar of Hepliaklqana.
   403 | D:1      | Found an iron altar of Okawaru.
   403 | D:1      | Found a hide-covered altar of Uskayaw.
   403 | D:1      | Found a burning altar of Makhleb.
   464 | D:1      | Reached XP level 2. HP: 13/13 MP: 6/6
   468 | D:1      | Learned a level 2 spell: Ensorcelled Hibernation
  1458 | D:2      | Noticed Sigmund
  1484 | D:2      | Killed from afar by Sigmund

Vault maps used:
D:1:      dpeg_arrival_snail, minmay_misc_feat_enclosed, doesnt_xom_only_xom
D:2:      nrook_mini_backslash, minmay_misc_feat_four_crosses,
          grunt_ministairs_12, uniq_natasha, uniq_sigmund

Skill      XL: |  1  2 |
---------------+-------+-----
Hexes          | 4 |  4.1
Spellcasting   | 3 |  3.1
Fighting       | |  0.1
Short Blades   | |  1.4
Dodging        | |  3.5
Stealth        | |  4.7

Action                   || total
-------------------------++-------
Melee: Dagger            ||    71
 Cast: Corona            ||     5
       Ensorcelled Hiber ||    15
  Use: Scroll            ||     4
       Potion            ||     1
 Stab: Sleeping          ||    10
Armor: Robe              ||     7
Dodge: Dodged            ||    73
